 Dungeon Crawl Stone Soup version 0.28-a0-779-g3d1f99b579 (webtiles) character file.

Game seed: 197435150917690786

29 cheechan the Skirmisher (level 3, -1/34 HPs)
             Began as a Naga Fighter on Nov 2, 2021.
             Frozen to death by an endoplasm (3 damage)
             ... on level 2 of the Dungeon.
             The game lasted 00:02:56 (709 turns).

cheechan the Skirmisher (Naga Fighter)               Turns: 709, Time: 00:02:57

Health: -1/34      AC:  4    Str: 19    XL:     3   Next: 16%
Magic:  3/3        EV:  7    Int:  8    God:
Gold:   30         SH:  4    Dex: 10    Spells: 2/2 levels left

rFire   . . .      SeeInvis +   a - +0 long sword
rCold   . . .      Faith    .   c - +0 buckler
rNeg    . . .      Spirit   .   b - +0 scale mail
rPois   +          Reflect  .   (no helmet)
rElec   .          Harm     .   (no cloak)
rCorr   .          Rampage  .   (no gloves)
Will    .....                   (no barding)
Stlth   ..........              (no amulet)
HPRegen 0.11/turn               (no ring)
MPRegen 0.08/turn               (no ring)

@: very slow
A: AC +1, large, see invisible, deformed body, poison resistance, slowness 2,
spit poison 1, naga tail 1
a: Spit Poison


You were on level 2 of the Dungeon.
You visited 1 branch of the dungeon, and saw 2 of its levels.

You collected 30 gold pieces.

Inventory:

Hand Weapons
 a - a +0 long sword (weapon)
Missiles
 e - 31 arrows
Armour
 b - a +0 scale mail (worn)
 c - a +0 buckler (worn)
Scrolls
 g - a scroll of teleportation
Potions
 d - a potion of might
 h - a potion of cancellation {unknown}


   Skills:
 + Level 3.3 Fighting
 + Level 2.5 Long Blades
 + Level 2.7 Armour
 + Level 0.2 Dodging
 + Level 2.6 Shields


You had 2 spell levels left.
You didn't know any spells.
Your spell library was empty.

Dungeon Overview and Level Annotations

Branches:
Dungeon (2/15)

Altars:
Yredelemnul

Shops:
D:2 [*


Innate Abilities, Weirdness & Mutations

Your serpentine skin is tough. (AC +1)
You have supernaturally acute eyesight. (SInv)
Armour fits poorly on your strangely shaped body.
Your system is resistant to poisons. (rPois)
You cover ground very slowly.
You can spit poison.
You have a snake-like lower body.


Message History

The endoplasm hits you but does no damage.
You slash the quokka!
You kill the quokka!
You feel sick.
The endoplasm hits you but does no damage.
The endoplasm hits you. The endoplasm freezes you.
You are frozen.
* * * LOW HITPOINT WARNING * * *
You feel sick.
The endoplasm hits you but does no damage.
You have got your breath back.
You feel sick. The endoplasm freezes you.
You are frozen.
* * * LOW HITPOINT WARNING * * *
The endoplasm freezes you.
You are frozen.
* * * LOW HITPOINT WARNING * * *
The endoplasm hits you but does no damage.
Your scale mail prevents you from hitting the endoplasm.
You feel less invigorated.
You feel less confused.
You feel sick.
You are no longer poisoned.
The endoplasm hits you.
* * * LOW HITPOINT WARNING * * *
The endoplasm freezes you.
You are frozen.
* * * LOW HITPOINT WARNING * * *
The endoplasm closely misses you.
You hit the endoplasm.
You kill the endoplasm!
The endoplasm freezes you.
You are frozen.
* * * LOW HITPOINT WARNING * * *
You completely miss the endoplasm. The endoplasm freezes you.
You are frozen.
You die...

##.## #...# #.. #...#
#.#..# #...# ## ##
.....# #...##.## ..
....########...#...#.#
......#........<.....#
#.............)J.....#
....#.♣†........@...##
...#♣.∩.♣###...#...##
..# #.♣## #...##.##
..###.# #........
......# #....#####
..##### #...... .##
####.## ##


You could see an endoplasm.

Vanquished Creatures
  A dart slug (D:1)
  A ball python (D:1)
  5 endoplasms
  A giant cockroach (D:1)
  2 goblins
  3 hobgoblins
  2 jackals (D:2)
  2 quokkas
  3 bats
  A frilled lizard (D:1)
  A kobold (D:1)
  A rat (D:2)
23 creatures vanquished.

Vanquished Creatures (others)
  3 plants (D:2)
3 creatures vanquished.

Grand Total: 26 creatures vanquished

Notes
Turn   | Place    | Note
-------+----------+-------------------------------------------
     0 | D:1      | cheechan the Naga Fighter began the quest for the Orb.
     0 | D:1      | Reached XP level 1. HP: 21/21 MP: 1/1
   185 | D:1      | Reached XP level 2. HP: 14/28 MP: 2/2
   394 | D:1      | Found a faded altar of an unknown god.
   577 | D:2      | Found a basalt altar of Yredelemnul.
   641 | D:2      | Found Qaajados's Antique Armour Boutique.
   662 | D:2      | Reached XP level 3. HP: 30/34 MP: 3/3
   679 | D:2      | Found Kocheschu's Assorted Antiques.
   709 | D:2      | Frozen to death by an endoplasm

Illustrated notes

Levels and vault maps discovered:
D:1:      nagdon_arrival_zigzag_paths, layout_basic,
          ebering_ecumenical_altar_box
D:2:      layout_loops_cross, basic_altar, serial_shops, nicolae_shop_trees,
          shop, nicolae_shop_overgrown_old_shop, nicolae_shop_stone, shop

Action                   || total
-------------------------++-------
Melee: Long sword        ||    63
 Abil: Spit Poison       ||     2
  Use: Scroll            ||     2
       Potion            ||     1
Armor: Scale mail        ||    55
Dodge: Dodged            ||    54
Block: Buckler           ||    10

Table legend: (Time is in decaauts)
 A = Elapsed time spent in this place.
 B = Non-inter-level travel time spent in this place.
 C = Inter-level travel time spent in this place.
 D = Time resting spent in this place.
 E = Time spent auto-exploring this place.
 F = Levels seen in this place.
 G = Mean time per level.
                   A        B        C        D        E       F      G
               +--------+--------+--------+--------+--------+-----+--------+
         Total |    978 |    978 |      0 |      0 |      0 |   2 |  489.0 |
       Dungeon |    978 |    978 |      0 |      0 |      0 |   2 |  489.0 |
               +--------+--------+--------+--------+--------+-----+--------+

Top non-repeatable levels by time:
     D:1: 760 daAuts
     D:2: 217 daAuts
